 Dungeon Sprint DCSS version 0.31-a0-996-g3b49de5836 (webtiles) character file.

Game seed: 9593609737938073968

2086 Revguard the Grappler (level 9, -6/147 HPs)
             Began as a Troll Monk on Nov 7, 2023.
             Was a Priest of Jiyva.
             Mangled by a vault warden
             ... wielding a +0 war axe
              (22 damage)
             ... in the Dungeon (Sprint V: "Ziggurat Sprint").
             The game lasted 00:06:14 (366 turns).

Revguard the Grappler (Troll Monk)                   Turns: 366, Time: 00:06:15

Health: -6/147     AC: 22    Str: 27    XL:     9   Next: 6%
Magic:  8/8        EV:  4    Int: 14    God:    Jiyva [***...]
Gold:   0          SH:  0    Dex: 12    Spells: 8/8 levels left

rFire   + .          .
                       - Unarmed
rCold   + . .        c - orb {light}
rNeg    . . .        D - +5 gold dragon scales
rPois   +            (helmet restricted)
rElec   .            (no cloak)
rCorr   +            (gloves unavailable)
SInv    .            (boots unavailable)
Will    .....        (no amulet) Stlth
                     A - +6 ring of strength
HPRegen 2.36/turn    a - +4 ring of slaying
MPRegen 0.46/turn

%: no teleportation, clarity
@: berserking, glowing, very quick
A: large, unfitting armour, claws 3, regeneration 1, shaggy fur 1, tough skin 1,
clarity, clever 2, jelly sensing items
a: Renounce Religion, Oozemancy


You were in the Dungeon.
You worshipped Jiyva.
Jiyva was most pleased with you.
You visited 1 branch

Inventory:

Armour
 c - an orb of light (worn)
 D - +5 gold dragon scales (worn)
Jewellery
 a - a +4 ring of slaying (right claw)
 A - a +6 ring of strength (left claw)
Talismans
 C - a blade talisman
Wands
 m - a wand of polymorph (3)
 s - a wand of mindburst (7)
 t - a wand of iceblast (16)
 u - a wand of quicksilver (6)
 v - a wand of paralysis (5)
Scrolls
 i - 4 scrolls of blinking
 o - 4 scrolls of amnesia
 p - 8 scrolls of fog
 q - 5 scrolls of identify
 r - 2 scrolls of fear
Potions
 b - a potion of ambrosia
 d - 10 potions of curing
 e - 10 potions of heal wounds
 f - 10 potions of haste
 g - 7 potions of magic
 h - a potion of berserk rage
 j - 2 potions of brilliance
 k - 2 potions of invisibility
 l - 4 potions of resistance
 n - 5 potions of might


   Skills:
 * Level 9.1 Fighting
 + Level 6.1 Armour
 + Level 6.7 Dodging
 * Level 10.9 Unarmed Combat
 + Level 5.3 Evocations
 + Level 6.4 Shapeshifting


You had 8 spell levels left.
You didn't know any spells.
Your spell library contained the following spells:

 Spells                   Type           Power      Damage    Failure   Level
 Vhi's Electric Charge    Tloc/Air       0%         N/A       100%        4
 Arcjolt                  Conj/Air       0%         1d10      100%        5
 Plasma Beam              Fire/Air       0%         2x1d10    100%        6


Dungeon Overview and Level Annotations

Branches:
Dungeon (1/1)

Altars:
Ashenzari
Cheibriados
Dithmenos
Elyvilon
Fedhas
Gozag
Hepliaklqana
Kikubaaqudgha
Makhleb
Nemelex Xobeh
Okawaru
Qazlal
Ru
Sif Muna
Trog
Uskayaw
Vehumet
Wu Jian
Xom
Yredelemnul
Zin
The Shining One
Jiyva
Lugonu


Innate Abilities, Weirdness & Mutations

You are too large for most types of armour.
You have claws for hands.
Your natural rate of healing is unusually fast.
You are covered in fur. (AC +1)
You have tough skin. (AC +1)
You possess an exceptional clarity of mind.
Your mind is very acute. (Int +8, Str/Dex -2)
You have a small jelly attached to you that senses nearby items.


Message History

Jiyva alters your body.
Your body partially splits into a small jelly.
You feel clever. x2; Your thoughts seem clearer.
The bolt hits you!
The vault guard shoots a bolt.
The bolt hits you.
Found a dagger and a book of Beasts.
Unknown command.
Activating: Oozemancy (19% risk of failure)
Press: ? - help, Dir - look around, f - activate An unnaturally hard rock wall.
This square is lit by a halo.
There are no walls around you to affect.
Okay, then.
A red film seems to cover your vision as you go berserk!
You feel yourself moving faster!
You feel mighty!
The yaktaur shoots a bolt.
The bolt hits you!
The vault warden goes berserk!
The vault warden hits you with a +0 war axe!
The arcanist gestures wildly while chanting.
The arcanist blinks!
The vault guard shoots a bolt.
The bolt hits you!
You mangle the vault warden!!
The vault warden is moderately wounded.
The yaktaur shoots a bolt.
The bolt hits you but does no damage.
The vault warden hits you with a +0 war axe!!!
You barely miss the vault warden.
The vault warden is moderately wounded.
The vault guard shoots a bolt.
The bolt hits you but does no damage.
You claw the vault warden!
The vault warden is moderately wounded.
The vault warden hits you but does no damage.
The yaktaur shoots a bolt.
The bolt hits you!!
* * * LOW HITPOINT WARNING * * *
The vault warden blocks your attack.
The vault warden is moderately wounded.
The vault warden hits you with a +0 war axe!!
* * * LOW HITPOINT WARNING * * *
The vault guard shoots a bolt.
The bolt hits you.
* * * LOW HITPOINT WARNING * * *
You mangle the vault warden!!
The vault warden is heavily wounded.
The vault warden hits you with a +0 war axe!!
You die...

▓...:...▓
▓...)...▓
▓.......▓
▓.......▓
▓c......▓
▓p..p...▓
▓...p...▓
▓...@...▓
▓▓▓▓▓▓▓▓▓
∆∆∆∆∆
∆∆∆∆


You could see a vault warden (berserk), a vault guard, a yaktaur and an
arcanist.

Vanquished Creatures
  A death scarab (D)
  3 toenail golems (D)
  An ushabti (D)
  2 necrophages (D)
  A crimson imp (D)
  A quasit (D)
  An iguana (D)
  3 iron imps (D)
  3 mummies (D)
  A river rat (D)
  A white imp (D)
  2 ufetubi (D)
  An adder zombie (D)
  An adder skeleton (D)
  A ball python skeleton (D)
  A quokka zombie (D)
24 creatures vanquished.

Vanquished Creatures (others)
  A titan (shapeshifter) (D)
  An acid blob (shapeshifter) (D)
  A rockslime (shapeshifter) (D)
  A fenstrider witch (shapeshifter) (D)
  A formless jellyfish (D)
  A dire elephant (shapeshifter) (D)
  A yaktaur captain (D)
  An anaconda (shapeshifter) (D)
  A satyr (shapeshifter) (D)
  3 sea snakes (shapeshifter) (D)
  2 orb spiders (shapeshifter) (D)
  3 lindwurms (shapeshifter) (D)
  A harpy (shapeshifter) (D)
  A faun (shapeshifter) (D)
  A shining eye (shapeshifter) (D)
  A manticore (shapeshifter) (D)
  A guardian serpent (shapeshifter) (D)
  An eye of devastation (shapeshifter) (D)
  A yaktaur (shapeshifter) (D)
  A tyrant leech (shapeshifter) (D)
  A tarantella (shapeshifter) (D)
  A glass eye (shapeshifter) (D)
  2 blink frogs (shapeshifter) (D)
  A slime creature (shapeshifter) (D)
  A dream sheep (shapeshifter) (D)
  2 jumping spiders (shapeshifter) (D)
  2 culicivoras (shapeshifter) (D)
  3 redbacks (shapeshifter) (D)
  3 black bears (shapeshifter) (D)
  A jelly (D)
  A ball python zombie (D)
43 creatures vanquished.

Grand Total: 67 creatures vanquished

Notes
Turn   | Place    | Note
-------+----------+-------------------------------------------
     0 | D        | Revguard the Troll Monk began the quest for the Orb.
     0 | D        | Reached XP level 1. HP: 22/22 MP: 0/0
     4 | D        | Found a shimmering blue altar of Sif Muna.
     4 | D        | Found a bloodstained altar of Trog.
     4 | D        | Found a sacrificial altar of Ru.
     4 | D        | Found a stormy altar of Qazlal.
     4 | D        | Found an iron altar of Okawaru.
     5 | D        | Found a sparkling altar of Nemelex Xobeh.
     5 | D        | Found a blossoming altar of Fedhas.
     5 | D        | Found the +6 Majin-Bo {spellvamp, MP+6 Int+6}
     5 | D        | Found the +27 heavy crossbow "Sniper" {heavy, Acc+∞ SInv}
     5 | D        | Found the +10 dark maul {heavy}
     5 | D        | Found the +15 Maxwell's patent armour {-Cast -Tele rElec
                  | Will+ rCorr}
     5 | D        | Found the +18 shield of the Gong {Loud rN+ Will+ rCorr
                  | EV-5}
     5 | D        | Found the +16 obsidian axe {drain, demonic, Mesm Drain Fly
                  | SInv}
     5 | D        | Found the +7 great mace "Firestarter" {flame, immolate,
                  | rFlCloud rF++}
     5 | D        | Found the +6 shillelagh "Devastator" {shatter}
     5 | D        | Found the +11 plutonium sword {Contam Stlth-}
     5 | D        | Found the +8 lance "Wyrmbane" {slay drac, rPois rF+ rC+
                  | AC+3}
     5 | D        | Found the +9 sword of Zonguldrok {reap}
     5 | D        | Found the +13 scythe of Curses {drain, curses, Drain}
     5 | D        | Found the +9 sword of Power {lifebolt}
     5 | D        | Found the +7 mace of Variability {chaos, chaos arc}
     5 | D        | Found the +11 Singing Sword {sonic wave}
     5 | D        | Found the +8 storm bow {elec, penet}
     7 | D        | Found a transporter.
     7 | D        | Found an ancient bone altar of Kikubaaqudgha.
     7 | D        | Found a viscous altar of Jiyva.
     7 | D        | Found a corrupted altar of Lugonu.
     7 | D        | Found a hazy altar of Hepliaklqana.
     7 | D        | Found a burning altar of Makhleb.
     7 | D        | Found an opulent altar of Gozag.
    72 | D        | Became a worshipper of Jiyva Jerah the Shapeless
    72 | D        | Reached * piety under Jiyva
    72 | D        | Reached ** piety under Jiyva
    75 | D        | Killed a yaktaur captain
    76 | D        | Killed a manticore
    76 | D        | Killed a redback
    79 | D        | Killed an eye of devastation
    79 | D        | Killed a redback
    79 | D        | Killed a glass eye
    79 | D        | Killed a satyr
    80 | D        | Reached skill level 1 in Armour
    80 | D        | Reached skill level 4 in Unarmed Combat
    80 | D        | Reached skill level 1 in Evocations
    80 | D        | Reached XP level 2. HP: 32/32 MP: 1/1
    80 | D        | Killed a sea snake
    80 | D        | Killed a formless jellyfish
    81 | D        | Killed a sea snake
    82 | D        | Entered arena 2.
    82 | D        | Found a transporter.
    83 | D        | Killed a rockslime
    88 | D        | Killed a dream sheep
    90 | D        | Reached skill level 5 in Unarmed Combat
    90 | D        | Reached XP level 3. HP: 27/40 MP: 2/2
    90 | D        | Killed a lindwurm
    90 | D        | Killed an orb spider
    91 | D        | Killed a redback
    92 | D        | Killed a faun
    93 | D        | Killed a titan
    93 | D        | Killed a black bear
    95 | D        | Killed a culicivora
    98 | D        | Killed a black bear
   101 | D        | Entered arena 3.
   101 | D        | Noticed a toenail golem
   101 | D        | Noticed a toenail golem
   101 | D        | Noticed a toenail golem
   101 | D        | Killed a dire elephant
   101 | D        | Killed a sea snake
   101 | D        | Found a transporter.
   102 | D        | Killed an orb spider
   103 | D        | Killed an acid blob
   105 | D        | Killed a jumping spider
   108 | D        | Killed a toenail golem
   109 | D        | Reached skill level 7 in Unarmed Combat
   109 | D        | Reached XP level 4. HP: 53/53 MP: 3/3
   109 | D        | Reached XP level 5. HP: 61/61 MP: 4/4
   109 | D        | Reached XP level 6. HP: 68/68 MP: 5/5
   109 | D        | Killed a blink frog
   111 | D        | Killed a shining eye
   111 | D        | Killed an anaconda
   112 | D        | Killed a toenail golem
   113 | D        | Reached skill level 5 in Dodging
   113 | D        | Reached skill level 8 in Unarmed Combat
   113 | D        | Reached skill level 5 in Shapeshifting
   113 | D        | Reached XP level 7. HP: 78/78 MP: 6/6
   113 | D        | Killed a tarantella
   115 | D        | Killed a toenail golem
   116 | D        | Reached skill level 5 in Armour
   116 | D        | Reached skill level 9 in Unarmed Combat
   116 | D        | Reached XP level 8. HP: 88/88 MP: 7/7
   116 | D        | Killed a lindwurm
   117 | D        | Killed a fenstrider witch
   119 | D        | Killed a slime creature
   119 | D        | Killed a lindwurm
   122 | D        | Killed a guardian serpent
   129 | D        | Killed a jumping spider
   129 | D        | Killed a yaktaur
   132 | D        | Killed a blink frog
   132 | D        | Killed a tyrant leech
   155 | D        | Killed a culicivora
   165 | D        | Entered arena 4.
   165 | D        | Found a transporter.
   181 | D        | Entered arena 5.
   181 | D        | Found a transporter.
   203 | D        | Entered arena 6.
   203 | D        | Reached *** piety under Jiyva
   203 | D        | Found a transporter.
   217 | D        | Reached skill level 10 in Unarmed Combat
   229 | D        | Killed a harpy
   232 | D        | Entered arena 7.
   232 | D        | Noticed a death scarab
   233 | D        | Found a transporter.
   237 | D        | Killed a death scarab
   238 | D        | Reached skill level 5 in Evocations
   240 | D        | Reached XP level 9. HP: 80/98 MP: 8/8
   360 | D        | Entered arena 8.
   360 | D        | Noticed an arcanist
   360 | D        | Noticed a vault warden
   360 | D        | Noticed a yaktaur
   360 | D        | Noticed a vault guard
   360 | D        | Gained mutation: You have a small jelly attached to you
                  | that senses nearby items. [Jiyva's grace]
   360 | D        | Gained mutation: Your mind is acute. (Int +4, Str/Dex -1)
                  | [Jiyva's grace]
   360 | D        | Gained mutation: Your mind is very acute. (Int +8, Str/Dex
                  | -2) [Jiyva's grace]
   360 | D        | Gained mutation: You possess an exceptional clarity of
                  | mind. [Jiyva's grace]
   366 | D        | Mangled by a vault warden

Illustrated notes

Levels and vault maps discovered:
D:        sprint_v [room_start, room_1, room_2, room_3, room_4, room_5, room_6,
          room_7, room_8, room_9, room_10, room_11, room_12, room_13, room_14,
          room_15, room_16, room_17, room_18, room_19, room_20, room_21,
          room_22, room_23, room_24, room_25, room_26, room_27]

Skill      XL: |  1  2  3  4  5  6  7  8 |
---------------+-------------------------+-----
Fighting       | 3 4 6 7 9 |  9.1
Armour         | 1 2 4 5 6 |  6.1
Dodging        | 3 4 5 6 |  6.7
Unarmed Combat | 4 5 7 8 9 10 | 10.9
Evocations     | 1 2 3 4 5 |  5.3
Shapeshifting  | 2 4 5 6 |  6.4

Action                     |  1- 3 |  4- 6 |  7- 9 || total
---------------------------+-------+-------+-------++-------
  Melee: Unarmed           |     9 |     4 |    44 ||    57
  Evoke: Wand              |     3 |       |     1 ||     4
    Use: Potion            |     2 |       |     1 ||     3
 Armour: Gold dragon scale |    12 |     3 |    51 ||    66
  Dodge: Dodged            |     2 |       |    13 ||    15
         Form:             |     1 |       |       ||     1
         Blade             |     1 |       |       ||     1

Table legend: (Time is in decaauts)
 A = Elapsed time spent in this place.
 B = Non-inter-level travel time spent in this place.
 C = Inter-level travel time spent in this place.
 D = Time resting spent in this place.
 E = Time spent auto-exploring this place.
 F = Levels seen in this place.
 G = Mean time per level.
                   A        B        C        D        E       F      G
               +--------+--------+--------+--------+--------+-----+--------+
         Total |    367 |    367 |      0 |    134 |      0 |   1 |  367.0 |
       Dungeon |    367 |    367 |      0 |    134 |      0 |   1 |  367.0 |
               +--------+--------+--------+--------+--------+-----+--------+

Top non-repeatable levels by time:
       D: 367 daAuts
